 Dungeon Crawl Stone Soup version 0.30-a0-1123-gabc949cf19 (webtiles) character file.

Game seed: 13029426813887212143

406 Zeldest the Trooper (level 6, 0/48 (66) HPs)
             Began as an Ogre Reaver on Apr 22, 2023.
             Slain by a centaur (2 damage)
             ... on level 5 of the Dungeon.
             The game lasted 00:08:04 (4379 turns).

Zeldest the Trooper (Ogre Reaver)                   Turns: 4379, Time: 00:08:05

HP:   0/48 (66)     AC:  3    Str: 17    XL:     6   Next: 87%
MP:   12/12         EV: 10    Int: 16    God:
Gold: 191           SH:  0    Dex: 13    Spells: 7/13 levels left

rFire   . . .        a - +0 mace
rCold   . . .        (no shield)
rNeg    . . .        b - +0 robe
rPois   .            (helmet restricted)
rElec   .            (no cloak)
rCorr   .            (gloves unavailable)
SInv    .            (boots unavailable)
Will    .....        w - amulet of the acrobat
Stlth   +            i - +6 ring of dexterity
HPRegen 0.28/turn    (no ring)
MPRegen 0.13/turn

%: acrobat
@: confused, ambrosia-drunk, flying, hasted, very heavily drained, very quick
A: large, unfitting armour, tough skin 1
a: no special abilities


You were on level 5 of the Dungeon.
You visited 1 branch of the dungeon, and saw 5 of its levels.

You collected 199 gold pieces.
You spent 8 gold pieces at shops.

Inventory:

Hand Weapons
 a - a +0 mace (weapon)
 k - a +3 dagger
 s - a +3 falchion of electrocution
Armour
 b - a +0 robe (worn)
 d - an orb of guile
Jewellery
 i - a +6 ring of dexterity (left hand)
 w - an amulet of the acrobat (around neck)
 x - a ring of flight
Wands
 h - a wand of flame (17)
Scrolls
 c - a scroll of enchant armour {unknown}
 j - 2 scrolls of blinking {unknown}
 m - 2 scrolls of amnesia {unknown}
 o - a scroll of enchant weapon {unknown}
 p - 2 scrolls of teleportation {unknown}
 t - a scroll of noise {unknown}
 u - 2 scrolls of magic mapping {unknown}
 v - a scroll of vulnerability {unknown}
Potions
 e - a potion of attraction
 f - a potion of magic
 g - a potion of flight
 q - a potion of brilliance {unknown}
 r - a potion of curing {unknown}


   Skills:
 + Level 5.2 Fighting
 + Level 4.0 Maces & Flails
 - Level 1.7 Dodging
 - Level 4.3 Spellcasting
 - Level 2.6 Conjurations
 + Level 2.8 Hexes
 + Level 0.2 Ice Magic


You had 7 spell levels left.
You knew the following spells:

 Your Spells              Type           Power      Damage    Failure   Level
a - Kiss of Death         Conj/Necr      28%        2d7       10%         1
b - Tukima's Dance        Hex            12%        N/A       16%         3
c - Ensorcelled Hibernat  Hex/Ice        16%        N/A       13%         2

Your spell library contained the following spells:

 Spells                   Type           Power      Damage    Failure   Level
 Freeze                   Ice            16%        1d4       14%         1
 Momentum Strike          Conj/Tloc      14%        3d8       14%         2
 Sting                    Tmut/Pois      12%        1d3       16%         1
 Passwall                 Tmut/Erth      2%         N/A       24%         2
 Poisonous Vapours        Pois/Air       6%         N/A       24%         2
 Hailstorm                Conj/Ice       8%         3d4       26%         3
 Portal Projectile        Hex/Tloc       14%        N/A       28%         3
 Frozen Ramparts          Ice            8%         1d2       41%         3
 Swiftness                Air            3%         N/A       43%         3
 Olgreb's Toxic Radiance  Pois           3%         N/A       85%         4
 Blade Hands              Tmut           1%         N/A       99%         5


Dungeon Overview and Level Annotations

Branches:
Dungeon (5/15) Zot: 25538
 Temple: D:4-7

Altars:
Uskayaw
Zin

Shops:
D:4 *(

Annotations:
D:3 Natasha


Innate Abilities, Weirdness & Mutations

You are too large for most types of armour.
You have tough skin. (AC +1)


Message History

The centaur kicks you.
You hit the centaur but do no damage.
The centaur is lightly wounded.
The centaur hits you but does no damage.
The centaur kicks you. The centaur hits you.
* * * LOW HITPOINT WARNING * * *
The centaur kicks you.
* * * LOW HITPOINT WARNING * * *
You thump the centaur!
The centaur is heavily wounded.
The centaur hits you but does no damage.
The centaur kicks you but does no damage.
The centaur hits you.
* * * LOW HITPOINT WARNING * * *
The centaur kicks you.
* * * LOW HITPOINT WARNING * * *
It was a potion of flight.
You feel very buoyant.
You fly up into the air.
The centaur closely misses you. The centaur barely misses you.
It was a potion of haste.
You feel yourself speed up. The centaur barely misses you.
The centaur kicks you but does no damage.
The centaur barely misses you. x2
It was a potion of ambrosia.
You are confused.
You feel invigorated. The orc completely misses you.
You hit the centaur.
The centaur is heavily wounded.
The centaur hits you.
* * * LOW HITPOINT WARNING * * *
The centaur barely misses you. The centaur hits you.
* * * LOW HITPOINT WARNING * * *
The centaur kicks you.
* * * LOW HITPOINT WARNING * * *
The orc misses you.
You bump into the rock wall.
The centaur hits you.
* * * LOW HITPOINT WARNING * * *
The centaur kicks you.
You die...

#... #..) .. #...
#######..#..# ####...
#.....o.....### .......
##..#......#.... # #....
..............
....#..####........#.###
#...c@o...............
#.#.####.....[......( #
#.........#.#
####...#.....#.#
#..............#
#....#.#######.#####
#................[..
#....##.######.#...#
#.... . ...#...#


You could see a centaur and an orc.

Vanquished Creatures
  Sigmund (D:2)
  2 iguanas (D:4)
  Natasha (twice) (D:3)
  Robin (D:3)
  4 adders
  A worm (D:3)
  A dart slug (D:1)
  4 orcs
  9 ball pythons
  6 bats
  An endoplasm (D:1)
  4 giant cockroaches
  13 goblins
  10 hobgoblins
  A jackal (D:3)
  4 quokkas
  7 frilled lizards
  11 kobolds
  10 rats
92 creatures vanquished.

Notes
Turn   | Place    | Note
-------+----------+-------------------------------------------
     0 | D:1      | Zeldest the Ogre Reaver began the quest for the Orb.
     0 | D:1      | Reached XP level 1. HP: 22/22 MP: 3/3
   191 | D:1      | Reached skill level 3 in Fighting
   191 | D:1      | Reached XP level 2. HP: 28/31 MP: 5/5
   672 | D:1      | Reached XP level 3. HP: 29/37 MP: 7/7
   786 | D:1      | Reached skill level 1 in Hexes
   988 | D:2      | Noticed Sigmund
  1025 | D:2      | Killed Sigmund
  1026 | D:2      | Reached skill level 4 in Fighting
  1026 | D:2      | Reached XP level 4. HP: 33/49 MP: 5/9
  1026 | D:2      | Reached XP level 5. HP: 37/55 MP: 5/10
  1634 | D:2      | Reached XP level 6. HP: 59/63 MP: 11/11
  2300 | D:3      | Noticed Robin
  2337 | D:3      | Killed Robin
  2592 | D:3      | Noticed Natasha
  2606 | D:3      | Killed Natasha
  2811 | D:3      | Noticed Natasha
  2819 | D:3      | Killed Natasha
  3137 | D:3      | Noticed Natasha
  3144 | D:4      | Found a glowing silver altar of Zin.
  3144 | D:4      | Found a hide-covered altar of Uskayaw.
  3226 | D:4      | Reached skill level 5 in Fighting
  3249 | D:4      | Found Hezium's CLEARANCE SALE!.
  3252 | D:4      | Bought a scroll of identify for 8 gold pieces
  3355 | D:4      | Found Xyplaren's Weapon Emporium.
  4341 | D:5      | Entered Level 5 of the Dungeon
  4362 | D:5      | Learned a level 3 spell: Tukima's Dance
  4365 | D:5      | Learned a level 2 spell: Ensorcelled Hibernation
  4378 | D:5      | HP: 2/48 [centaur (1)]
  4379 | D:5      | Slain by a centaur

Illustrated notes

Levels and vault maps discovered:
D:1:      dpeg_arrival_shrine, layout_loops_cross
D:2:      wad_river_or_something, layout_loops_ring, uniq_sigmund
D:3:      minmay_skewed_foursquare, layout_loops_ring, uniq_robin, uniq_natasha
D:4:      layout_basic, lemuel_crystal_altar, overflow_temple_1_default,
          serial_shops, shop, nicolae_shop_clearance
D:5:      layout_basic, mainiacjoe_overflow_swirl, st_stairs_11,
          minmay_divided_ellipse

Skill      XL: |  1  2  3  4  5  6 |
---------------+-------------------+-----
Fighting       | 3 4 5 |  5.2
Maces & Flails | 3 4 |  4.0
Hexes          | 2 |  2.8
Spellcasting   | 3 4 |  4.3
Dodging        | |  1.7
Conjurations   | |  2.6
Ice Magic      | |  0.2

Action                     |  1- 3 |  4- 6 || total
---------------------------+-------+-------++-------
  Melee: Mace              |    99 |   221 ||   320
         Punch             |       |     3 ||     3
   Cast: Kiss of Death     |     2 |     3 ||     5
  Evoke: Wand              |       |     1 ||     1
    Use: Potion            |       |     3 ||     3
         Scroll            |       |     2 ||     2
   Stab: Sleeping          |       |     4 ||     4
 Armour: Robe              |    47 |    65 ||   112
  Dodge: Dodged            |    57 |   140 ||   197

Table legend: (Time is in decaauts)
 A = Elapsed time spent in this place.
 B = Non-inter-level travel time spent in this place.
 C = Inter-level travel time spent in this place.
 D = Time resting spent in this place.
 E = Time spent auto-exploring this place.
 F = Levels seen in this place.
 G = Mean time per level.
                   A        B        C        D        E       F      G
               +--------+--------+--------+--------+--------+-----+--------+
         Total |   4460 |   4265 |    195 |   1204 |   2231 |   5 |  892.0 |
       Dungeon |   4460 |   4265 |    195 |   1204 |   2231 |   5 |  892.0 |
               +--------+--------+--------+--------+--------+-----+--------+

Top non-repeatable levels by time:
     D:3: 1328 daAuts
     D:2: 1092 daAuts
     D:4: 1038 daAuts
     D:1: 963 daAuts
     D:5: 37 daAuts
